 Dungeon Crawl Stone Soup version 0.27.0-1-g7a089689b8 (webtiles) character file.

Game seed: 13111819927441777023

186622 sanka the Earth Mage (level 17, -1/100 HPs)
             Began as a Deep Elf Gladiator on Aug 3, 2021.
             Was an Initiate of Gozag.
             Killed from afar by a salamander tyrant (23 damage)
             ... on level 4 of the Snake Pit.
             The game lasted 02:13:21 (51282 turns).

sanka the Earth Mage (Deep Elf Gladiator)          Turns: 51282, Time: 02:13:22

Health: -1/100     AC: 19    Str: 18    XL:     17   Next: 85%
Magic:  0/39       EV: 26    Int: 21    God:    Gozag
Gold:   2137       SH: 12    Dex: 20    Spells: 27/48 levels left

rFire    + . .     SeeInvis .   a - staff of earth
rCold    . . .     Faith    .   d - +0 kite shield {AC+3}
rNeg     + . .     Spirit   +   J - +3 leather armour of Hopscotch {Drain rElec rPois Dex+4}
rPois    +         Reflect  .   p - +0 hat of Favapas {rF+ rN+ Regen+ Str+4}
rElec    +         Harm     .   F - +2 cloak {rPois}
rCorr    .         Rampage  .   h - +2 pair of gloves {Str+3}
Will     +....                  (no boots)
Stlth    +.........             f - amulet of guardian spirit
HPRegen  1.26/turn              M - +4 ring of evasion
MPRegen  0.26/turn              i - +4 ring of protection

@: weakened, studying 3 skills
A: no striking features
a: Renounce Religion, Potion Petition, Call Merchant, Bribe Branch


You were on level 4 of the Snake Pit.
You worshipped Gozag.
Gozag was most pleased with you.
You visited 4 branches of the dungeon, and saw 27 of its levels.
You also visited: Bailey, Gauntlet and Ice Cave.

You collected 13343 gold pieces.
You spent 6930 gold pieces at shops.
You paid 4276 gold pieces to Gozag.


   Skills:
 - Level 9.4 Fighting
 - Level 12.0 Staves
 - Level 2.0 Throwing
 - Level 16.3 Dodging
 + Level 10.6 Shields
 + Level 16.1 Spellcasting
 + Level 4.8 Conjurations
 - Level 8.0 Necromancy
 + Level 18.4 Earth Magic
 - Level 6.0 Evocations


You had 27 spell levels left.
You knew the following spells:

 Your Spells              Type           Power      Damage    Failure   Level
x - Lehudib's Crystal Sp  Conj/Erth      39%        10d10     99%         8
y - Borgnjor's Vile Clut  Necr/Erth      41%        N/A       1%          5
z - Sandblast             Erth           100%       2d20      0%          1
N - Passwall              Tmut/Erth      58%        N/A       1%          2
X - Lee's Rapid Deconstr  Erth           48%        3d24*     1%          5

Your spell library contained the following spells:

 Spells                   Type           Power      Damage    Failure   Level
 Animate Skeleton         Necr           100%       N/A       1%          1
 Magic Dart               Conj           100%       1d8       1%          1
 Pain                     Necr           100%       1d9       1%          1
 Searing Ray              Conj           74%        3d6       1%          2
 Sublimation of Blood     Necr           25%        N/A       1%          2
 Stone Arrow              Conj/Erth      100%       3d13      1%          3
 Vampiric Draining        Necr           25%        2d9       1%          3
 Animate Armour           Summ/Erth      100%       N/A       1%          4
 Petrify                  Tmut/Erth      70%        N/A       1%          4
 Animate Dead             Necr           25%        N/A       2%          4
 Agony                    Necr           50%        N/A       8%          5
 Excruciating Wounds      Necr           25%        N/A       8%          5
 Call Imp                 Summ           16%        N/A       11%         2
 Slow                     Hex            16%        N/A       11%         2
 Wereblood                Tmut           16%        N/A       11%         2
 Mephitic Cloud           Conj/Pois/Air  23%        N/A       12%         3
 Confusing Touch          Hex            16%        N/A       22%         3
 Inner Flame              Hex/Fire       16%        N/A       22%         3
 Fulminant Prism          Conj/Hex       13%        3d9       26%         4
 Death Channel            Necr           25%        N/A       38%         6
 Cause Fear               Hex            8%         N/A       58%         4
 Summon Ice Beast         Ice/Summ       16%        N/A       58%         4
 Irradiate                Conj/Tmut      13%        3d18      58%         5
 Alistair's Intoxication  Tmut/Pois      10%        N/A       90%         5
 Summon Mana Viper        Hex/Summ       16%        N/A       90%         5
 Dispersal                Tloc           8%         N/A       100%        6
 Eringya's Noxious Bog    Tmut/Pois      8%         N/A       100%        6
 Malign Gateway           Summ/Tloc      8%         N/A       100%        7
 Monstrous Menagerie      Summ           8%         N/A       100%        7
 Summon Hydra             Summ           8%         N/A       100%        7
 Discord                  Hex            8%         N/A       100%        8
 Disjunction              Tloc           8%         N/A       100%        8

Inventory:

Missiles
 r - 461 stones
 P - a throwing net {=f}
 X - 3 curare-tipped darts {=f}
Armour
 d - a +0 kite shield of protection (worn)
 h - a +2 pair of gloves of strength (worn)
 p - the +0 hat of Favapas (worn) {rF+ rN+ Regen+ Str+4}

   Str:       It affects your strength (+4).
   rF:        It protects you from fire.
   rN:        It protects you from negative energy.
   Regen:     It increases your rate of health regeneration.
 C - the +0 robe "Mucac" {rElec rF+ rC+++ Str-4}

   Str:       It affects your strength (-4).
   rF:        It protects you from fire.
   rC:        It renders you almost immune to cold.
   rElec:     It insulates you from electricity.
 F - a +2 cloak of poison resistance (worn)
 J - the +3 leather armour of Hopscotch (worn) {Drain rElec rPois Dex+4}

   Dex:       It affects your dexterity (+4).
   rElec:     It insulates you from electricity.
   rPois:     It protects you from poison.
   Drain:     It drains your maximum health when unequipped.
Magical Staves
 a - a staff of earth (weapon)
Jewellery
 f - an amulet of guardian spirit (around neck)
 i - a +4 ring of protection (right hand)
 M - a +4 ring of evasion (left hand)
 R - a ring of fire
 Y - a ring of see invisible
 Z - the ring "Ytiung" {rElec Int+6}

   [ring of intelligence]

   Int:       It affects your intelligence (+6).
   rElec:     It insulates you from electricity.
Wands
 m - a wand of mindburst (15)
 o - a wand of digging (7)
 E - a wand of paralysis (17)
 L - a wand of iceblast (25)
 N - a wand of flame (11)
 O - a wand of acid (26)
 S - a wand of polymorph (10)
Scrolls
 b - a scroll of enchant armour
 g - 10 scrolls of teleportation {@r4}
 k - 2 scrolls of magic mapping
 l - 5 scrolls of fog
 n - 3 scrolls of vulnerability {!r}
 t - 5 scrolls of enchant weapon
 w - 7 scrolls of blinking
 y - 2 scrolls of silence {!r}
 D - a scroll of acquirement
 G - 2 scrolls of summoning
 H - 2 scrolls of amnesia
 V - a scroll of torment {!r}
 W - 8 scrolls of identify {@r1}
Potions
 c - a potion of berserk rage {unknown}
 e - a potion of cancellation {unknown}
 j - 3 potions of ambrosia
 q - 12 potions of curing {@q1}
 s - a potion of heal wounds {@q2}
 u - 2 potions of resistance
 v - a potion of mutation {unknown}
 z - 4 potions of haste {@q3}
 A - 5 potions of lignification {!q}
 B - 5 potions of might
 Q - 5 potions of attraction {!q}
Miscellaneous
 x - a condenser vane
 K - a tin of tremorstones (2/2)
 T - a phial of floods
 U - a piece from Xom's chessboard (15/15)

Dungeon Overview and Level Annotations

Branches:
Dungeon (15/15)            Temple (0/1) D:5            Lair (6/6) D:10
  Swamp (0/4) Lair:3        Snake (4/4) Lair:3        Slime (0/5) Lair:6
    Orc (2/2) D:12            Elf (0/3) Orc:2        Vaults (0/5) D:14
 Depths (0/5) D:15         Bailey (visited)           IceCv (visited)
Gauntlet (visited)

Altars:
Ashenzari
Cheibriados
Dithmenos
Elyvilon
Fedhas
Gozag
Makhleb
Nemelex Xobeh
Qazlal
Sif Muna
Uskayaw
Xom
Yredelemnul
Zin
Jiyva

Shops:
D:1 *=?(   D:6 (   D:15 *=**   Orc:1 *   Orc:2 ?=(::   Snake:3 ::=
Snake:4 [ NN▒ ▒▒NN..▒▒▒...................▒ NN▒ ▒▒▒...▒▒.................... ≈N≈ ▒▒N..▒▒.................... ≈#≈ ▒.▒.▒.▒▒................... NN#

▒▒N.N▒▒▒▒▒▒▒▒..............
N...
▒.▒.▒▒▒▒...▒▒.............
▒▒.≈N.▒▒.▒▒▒.▒▒▒...........
▒▒...()▒▒.....▒▒▒(..........
▒▒...≈.≈▒).)e...▒............
▒##....)N.≈≈###.'............
▒#≈.....▒.#≈≈≈≈.'............
▒≈≈.....'.≈≈≈#≈.'..▒▒........
▒▒......▒.......▒............
▒▒.....▒▒.....▒▒▒...........
▒▒....▒▒.▒▒▒.▒ ▒▒▒▒▒▒▒.....
▒.▒.▒▒▒▒.[.▒▒ ▒▒▒... ▒...
▒▒▒▒▒ ▒▒▒▒


You could see a salamander tyrant.


Message History

13 arrows; a +0 shortbow Why would you want to do that?
The salamander tyrant calls gouts of flame from the lava!
The flame surge hits you! You resist.
The salamander tyrant calls gouts of flame from the lava!
The flame surge hits you! You resist.
* * * LOW HITPOINT WARNING * * *
The salamander tyrant calls gouts of flame from the lava!
The flame surge hits you!! You resist.
* * * LOW HITPOINT WARNING * * *
The salamander tyrant gazes fiercely through you!
You feel as though you will be weak longer.
You see here a +0 spear.
The salamander tyrant calls gouts of flame from the lava!
The flame surge hits you!! You resist.
* * * LOW HITPOINT WARNING * * *
There is an open door here.
Things that are here:
a +0 quarterstaff; a +0 robe
Items here: ( )) [.
You see here a +0 spear.
The salamander tyrant rends the earth beneath you!
The blast of magma engulfs you!! You partially resist.
You die...
Your body crumbles into a pile of gold.

Action                   |  1- 3 |  4- 6 |  7- 9 | 10-12 | 13-15 | 16-18 || total
-------------------------+-------+-------+-------+-------+-------+-------++-------
Melee: Quarterstaff      |   101 |   236 |   282 |    95 |       |       ||   714
       Morningstar       |       |       |       |   111 |    67 |       ||   178
       Staff             |       |       |       |       |   644 |   370 ||  1014
Throw: Throwing net      |       |     5 |       |       |       |       ||     5
       Dart              |       |       |       |       |       |     9 ||     9
       Stone             |       |       |       |       |       |     1 ||     1
 Cast: Sandblast         |       |       |    59 |   209 |    96 |       ||   364
       Lee's Rapid Decon |       |       |     5 |   132 |   360 |   293 ||   790
       Borgnjor's Vile C |       |       |       |       |       |     5 ||     5
Invok: Potion Petition   |       |       |       |     3 |     1 |       ||     4
       Call Merchant     |       |       |       |       |       |     3 ||     3
Evoke: Wand              |       |       |       |    15 |       |     1 ||    16
       Condenser vane    |       |       |       |     1 |       |       ||     1
  Use: Potion            |       |     4 |       |     8 |     2 |       ||    14
       Scroll            |       |       |     6 |    10 |     9 |     3 ||    28
 Stab: Sleeping          |     1 |       |     1 |       |     1 |       ||     3
       Held in net/web   |       |     2 |       |       |       |       ||     2
       Invisible         |       |     3 |       |       |       |       ||     3
       Distracted        |       |     2 |       |       |     3 |     5 ||    10
Armor: Leather armour    |    39 |    55 |   128 |   191 |   269 |   113 ||   795
Dodge: Dodged            |    80 |   179 |   293 |   383 |   932 |   440 ||  2307
Block: Kite shield       |       |       |       |       |       |   114 ||   114

Levels and vault maps discovered:
D:1:      minmay_arrival_semitransparent, layout_rooms, serial_shops, shop,
          nicolae_shop_competitors_out_of_business, nicolae_shop_waterfront,
          shop, basic_ecumenical_altar, minmay_pentomino_q4
D:2:      layout_basic
D:3:      layout_basic, yredelemnul_altar_generic,
          gammafunk_ghost_nasty_kobolds, minivault_19,
          minmay_fractal_squares_gapless_5
D:4:      layout_basic, ashenzari_altar_1, xom_teletrap_fun
D:5:      layout_gridville, gammafunk_temple_overflow_claw,
          mainiacjoe_overflow_chevrons, minmay_temple_entry_metal_lava,
          serial_park_tiny_2, minivault_14, minmay_fractal_squares_5,
          uniq_prince_ribbit1
D:6:      layout_loops_ring, serial_shops, shop, uniq_grinder
D:7:      layout_loops_cross, chequers_temple_overflow_statue_of_worship,
          mainiacjoe_overflow_catwalk, gammafunk_ghost_icy, minivault_14,
          uniq_harold
D:8:      layout_loops_corners, mainiacjoe_overflow_alcove_4
D:9:      layout_rooms, nicolae_elyvilon_peaceful_grove
D:10:     layout_basic, david_lair_shrubbed, lemuel_flamethrower_2
D:11:     layout_cave_pools, gammafunk_ghost_spectres, enter_bailey_3,
          uniq_josephine
D:12:     layout_stronghold, orc_0_dummy, minmay_misc_feat_pillars,
          lightli_minifort, uniq_sonja, uniq_kirke
D:13:     minmay_wizard_corner, layout_basic, minmay_misc_feat_four_crosses,
          uniq_snorg, uniq_rupert, uniq_frances
D:14:     layout_gridville, david_vaults_4, chequers_jeans, uniq_agnes
D:15:     grunt_enter_depths_magical_seal, layout_rooms, serial_shops,
          shop_statue, hangedman_glass_teeth, uniq_louise
Lair:1:   layout_cave_pods, grunt_megastairs_1, serial_bayou_shore_a,
          uniq_nergalle
Lair:2:   layout_misc_corridors, gauntlet_entry_generic, serial_forest,
          infiniplex_forest_zigzag_2, infiniplex_forest_lined_2,
          infiniplex_forest_clump_curved, infiniplex_forest_straight_1,
          infiniplex_forest_lined_1, infiniplex_forest_clump_large,
          infiniplex_forest_lined_2, infiniplex_forest_clump_C,
          infiniplex_forest_straight_4, beast_lair_carwin_3,
          infiniplex_staircase_pool, uniq_erica
Lair:3:   layout_loops_ring, minmay_swamp_entry_reptiles,
          guppyfry_snake_entry_garden, portal_ice_cave_entry_ice_simulacra,
          infiniplex_staircase_pool_2, grunt_megastairs_5
Lair:4:   layout_layer_cave, amcnicky_mini_pool_medium, grunt_megastairs_2
Lair:5:   layout_concentric_octagons, basic_altar,
          grunt_forest_small_clearing_treed
Lair:6:   evilmike_catoblepas_cave, layout_small_grid, slime_altar_1,
          special_room [special_room_mythical_zoo], small_statue_intersection,
          st_stairs_13
Snake:1:  layout_onion, serial_bayou_pond_d, grunt_megastairs_4
Snake:2:  layout_basic, serial_bayou_shore_b, uniq_aizul
Snake:3:  layout_misc_corridors, nicolae_snake_dead_anacondas, minmay_shop_grove
Snake:4:  grunt_snake_rune_pools, layout_layer_cave, serial_shops,
          nicolae_shop_stone
Orc:1:    nicolae_orc_accident_1, layout_caves, minmay_shop_mass
Orc:2:    st_orc_elflike, layout_caves, nicolae_shop_self_help

Notes
Turn   | Place    | Note
-------+----------+-------------------------------------------
     0 | D:1      | sanka the Deep Elf Gladiator began the quest for the Orb.
     0 | D:1      | Reached XP level 1. HP: 12/12 MP: 3/3
   233 | D:1      | Found Ageuca's General Store.
   290 | D:1      | Found Zodioc's Jewellery Emporium.
   304 | D:1      | Reached skill level 2 in Fighting
   347 | D:1      | Reached XP level 2. HP: 12/17 MP: 4/4
   491 | D:1      | Found Wainwoi's Weapon Boutique.
   532 | D:1      | Found a faded altar of an unknown god.
   819 | D:1      | Found Mukown's Magic Scroll Shop.
   922 | D:1      | Reached XP level 3. HP: 19/22 MP: 5/5
  1009 | D:1      | Became a worshipper of Gozag Ym Sagoz the Greedy
  1181 | D:1      | Reached skill level 3 in Fighting
  1232 | D:1      | Reached skill level 4 in Dodging
  1541 | D:2      | Reached XP level 4. HP: 20/28 MP: 6/6
  2101 | D:2      | Reached skill level 5 in Dodging
  2573 | D:3      | Noticed a kobold brigand
  2596 | D:2      | HP: 2/28 [poisoned by an adder]
  2915 | D:3      | Killed a kobold brigand
  2916 | D:3      | Reached skill level 6 in Dodging
  2916 | D:3      | Reached XP level 5. HP: 13/32 MP: 7/7
  3429 | D:2      | Reached skill level 7 in Dodging
  3609 | D:3      | Reached XP level 6. HP: 23/37 MP: 8/8
  3747 | D:3      | Found a runed translucent gate.
  3747 | D:3      | Noticed FortyThree's ghost (amateur DjGl)
  3748 | D:3      | Found a runed translucent gate.
  3750 | D:3      | Found a runed translucent gate.
  3935 | D:3      | Noticed an ice beast
  3970 | D:3      | Killed an ice beast
  3971 | D:3      | Reached skill level 8 in Dodging
  4449 | D:1      | Bought an amulet of guardian spirit for 390 gold pieces
  4533 | D:3      | Found a basalt altar of Yredelemnul.
  4989 | D:4      | Found a broken altar of Ashenzari.
  5170 | D:4      | Found a shimmering altar of Xom.
  5191 | D:4      | Reached skill level 4 in Staves
  5308 | D:4      | Reached XP level 7. HP: 41/41 MP: 9/9
  5585 | D:4      | Reached skill level 5 in Staves
  5779 | D:5      | Entered Level 5 of the Dungeon
  5779 | D:5      | Noticed a two-headed ogre
  6173 | D:4      | Learned a level 1 spell: Sandblast
  6176 | D:4      | Learned a level 2 spell: Passwall
  6298 | D:5      | Found a blossoming altar of Fedhas.
  6328 | D:5      | Noticed Prince Ribbit
  6389 | D:4      | Reached skill level 1 in Spellcasting
  6389 | D:4      | Reached skill level 1 in Earth Magic
  6780 | D:4      | Reached skill level 2 in Earth Magic
  6899 | D:4      | Learned a level 5 spell: Lee's Rapid Deconstruction
  6945 | D:4      | Reached skill level 2 in Spellcasting
  7194 | D:5      | Found a staircase to the Ecumenical Temple.
  7206 | D:5      | Reached skill level 3 in Earth Magic
  7402 | D:5      | Found a shimmering blue altar of Sif Muna.
  7402 | D:5      | Found a hide-covered altar of Uskayaw.
  7404 | D:5      | Found an opulent altar of Gozag.
  7744 | D:5      | Reached skill level 3 in Spellcasting
  7744 | D:5      | Reached skill level 4 in Earth Magic
  7744 | D:5      | Reached XP level 8. HP: 19/46 MP: 13/14
  8302 | D:5      | Killed Prince Ribbit
  8303 | D:5      | Reached skill level 6 in Earth Magic
  8876 | D:1      | Bought a +4 ring of protection for 468 gold pieces
  9081 | D:6      | Reached skill level 7 in Earth Magic
  9187 | D:6      | Noticed Grinder
  9198 | D:6      | Paralysed by Grinder for 5 turns
  9224 | D:6      | Paralysed by Grinder for 5 turns
  9231 | D:6      | Killed Grinder
  9232 | D:6      | Reached skill level 8 in Earth Magic
  9327 | D:6      | Reached XP level 9. HP: 50/50 MP: 15/15
  9331 | D:6      | Found Omaeh's Weapon Emporium.
  9388 | D:6      | Reached skill level 9 in Earth Magic
  9992 | D:1      | Bought a scroll of blinking for 105 gold pieces
  9992 | D:1      | Bought a scroll of enchant armour for 105 gold pieces
 10359 | D:7      | Found a snail-covered altar of Cheibriados.
 10359 | D:7      | Found a burning altar of Makhleb.
 10359 | D:7      | Found a shadowy altar of Dithmenos.
 10471 | D:7      | Found a glowing silver altar of Zin.
 10576 | D:7      | Found a runed translucent gate.
 10576 | D:7      | Found a runed translucent gate.
 10576 | D:7      | Found a runed translucent gate.
 10620 | D:7      | Reached skill level 10 in Earth Magic
 10628 | D:7      | Reached skill level 11 in Earth Magic
 10847 | D:7      | Noticed Harold
 11334 | D:7      | Killed Harold
 11335 | D:7      | Reached skill level 12 in Earth Magic
 11335 | D:7      | Reached XP level 10. HP: 30/56 MP: 2/16
 11623 | D:7      | Noticed T2blue's ghost (novice MiBe)
 12018 | D:8      | Noticed a cyclops
 12023 | D:8      | Killed a cyclops
 12024 | D:8      | Reached skill level 4 in Spellcasting
 12910 | D:8      | Reached skill level 13 in Earth Magic
 13228 | D:8      | Found a sparkling altar of Nemelex Xobeh.
 13540 | D:9      | Reached skill level 5 in Spellcasting
 13858 | D:9      | Reached skill level 6 in Spellcasting
 13908 | D:9      | Noticed a two-headed ogre
 14544 | D:9      | Found a white marble altar of Elyvilon.
 14624 | D:9      | Killed a two-headed ogre
 14625 | D:9      | Reached skill level 7 in Spellcasting
 14625 | D:9      | Reached skill level 14 in Earth Magic
 14963 | D:5      | Killed a two-headed ogre
 14964 | D:5      | Reached skill level 8 in Spellcasting
 14964 | D:5      | Reached XP level 11. HP: 60/60 MP: 22/25
 15155 | D:10     | Entered Level 10 of the Dungeon
 15479 | D:11     | Found a runed translucent gate.
 15479 | D:11     | Found a runed translucent gate.
 15540 | D:11     | Reached skill level 4 in Fighting
 15563 | D:11     | Reached skill level 9 in Dodging
 15670 | D:11     | Found a runed translucent gate.
 15681 | D:11     | Noticed Hyawatha's ghost (novice MiMo)
 15739 | D:11     | Noticed Josephine
 15751 | D:11     | Killed Josephine
 15754 | D:11     | Reached skill level 5 in Fighting
 15800 | D:11     | Reached skill level 10 in Dodging
 15825 | D:11     | Found a flagged portal.
 15831 | Bailey   | Entered a bailey
 15925 | Bailey   | Noticed an orc knight
 15934 | Bailey   | Killed an orc knight
 17140 | D:10     | Found a staircase to the Lair.
 17242 | D:10     | Reached skill level 6 in Fighting
 17731 | Lair:1   | Entered Level 1 of the Lair of Beasts
 17751 | D:10     | Reached skill level 11 in Dodging
 18290 | Lair:1   | Noticed Nergalle
 18393 | Lair:1   | Killed Nergalle
 18394 | Lair:1   | Reached XP level 12. HP: 22/71 MP: 0/26
 18750 | Lair:1   | Reached skill level 7 in Fighting
 19334 | Lair:2   | Noticed Erica
 19373 | Lair:2   | Reached skill level 12 in Dodging
 19487 | Lair:2   | Found a gate leading to a gauntlet.
 19521 | Gauntlet | Entered a Gauntlet
 19521 | Gauntlet | Found a transporter.
 19521 | Gauntlet | Found a transporter.
 19522 | Gauntlet | Found a transporter.
 19525 | Gauntlet | Found a transporter.
 19527 | Gauntlet | Found a transporter.
 19535 | Gauntlet | Found a transporter.
 19543 | Gauntlet | Found a transporter.
 19549 | Gauntlet | Found a transporter.
 19557 | Gauntlet | Found a transporter.
 19570 | Gauntlet | Noticed a tengu warrior
 19578 | Gauntlet | Found a transporter.
 19582 | Gauntlet | Found a transporter.
 19602 | Gauntlet | Found a transporter.
 19697 | Gauntlet | Found a transporter.
 19699 | Gauntlet | Found a transporter.
 19714 | Gauntlet | Found a transporter.
 19816 | Gauntlet | HP: 3/73 [elephant (11)]
 19864 | Gauntlet | Reached skill level 8 in Fighting
 19869 | Gauntlet | Reached skill level 13 in Dodging
 20114 | Gauntlet | Found a transporter.
 20279 | Gauntlet | Identified the +0 hat of Favapas {rF+ rN+ Regen+ Str+4}
 20315 | Gauntlet | Found a transporter.
 20325 | Gauntlet | Killed a tengu warrior
 20462 | Gauntlet | Found a transporter.
 20538 | Gauntlet | Found a transporter.
 20566 | Gauntlet | Noticed a minotaur
 20608 | Gauntlet | Killed a minotaur
 20609 | Gauntlet | Reached skill level 14 in Dodging
 21035 | Lair:2   | Killed Erica
 21344 | Lair:2   | Reached skill level 15 in Dodging
 21646 | Lair:2   | Reached XP level 13. HP: 78/78 MP: 3/27
 22662 | Lair:3   | Found a staircase to the Snake Pit.
 22683 | Lair:3   | Reached skill level 16 in Dodging
 22696 | Lair:3   | Reached skill level 1 in Evocations
 22791 | Lair:3   | Reached skill level 6 in Staves
 22802 | Lair:3   | Reached skill level 2 in Evocations
 22829 | Lair:3   | Found a staircase to the Swamp.
 22843 | Lair:3   | Found a frozen archway.
 22850 | IceCv    | Entered an ice cave
 23243 | IceCv    | Reached skill level 3 in Evocations
 23698 | IceCv    | Reached skill level 4 in Evocations
 23701 | IceCv    | Reached skill level 7 in Staves
 24090 | IceCv    | Noticed a frost giant
 24125 | IceCv    | Killed a frost giant
 24126 | IceCv    | Reached skill level 5 in Evocations
 24486 | IceCv    | Identified a +0 crystal plate armour of cold resistance
 24755 | Lair:3   | Identified a scroll of acquirement
 24775 | Lair:3   | Reached skill level 8 in Staves
 25090 | Lair:3   | Reached skill level 15 in Earth Magic
 25090 | Lair:3   | Reached skill level 6 in Evocations
 25431 | Lair:3   | Reached XP level 14. HP: 73/84 MP: 4/28
 26029 | Lair:3   | Reached skill level 9 in Staves
 27893 | Lair:5   | Got Nyth's Papyrus of the Wasteland
 27956 | Lair:5   | Found a stormy altar of Qazlal.
 28572 | Lair:5   | Reached skill level 10 in Staves
 28572 | Lair:5   | Reached skill level 16 in Earth Magic
 29220 | Lair:6   | Entered Level 6 of the Lair of Beasts
 29293 | Lair:6   | Found a staircase to the Slime Pits.
 29293 | Lair:6   | Found a viscous altar of Jiyva.
 31148 | Lair:6   | Reached skill level 11 in Staves
 31841 | Lair:6   | Reached XP level 15. HP: 81/88 MP: 25/29
 32158 | Lair:6   | Reached skill level 17 in Earth Magic
 32840 | Lair:6   | Reached skill level 12 in Staves
 33534 | D:3      | Killed FortyThree's ghost
 33709 | D:7      | Killed T2blue's ghost
 34027 | D:11     | Killed Hyawatha's ghost
 34257 | D:12     | Identified the +1 robe of the Moneychanger {rPois}
 35069 | D:12     | Reached skill level 18 in Earth Magic
 35203 | D:12     | Acquired 788 gold pieces
 35271 | D:12     | Noticed Sonja
 35278 | D:12     | Killed Sonja
 35408 | D:12     | Noticed Kirke
 35414 | D:12     | Killed Kirke
 35415 | D:12     | Reached skill level 9 in Spellcasting
 35668 | D:12     | Found a staircase to the Orcish Mines.
 35755 | Orc:1    | Entered Level 1 of the Orcish Mines
 35944 | Orc:1    | Paralysed by an orc sorcerer for 5 turns
 36119 | Orc:1    | Found Jidwyar's Mass Market.
 36240 | Orc:1    | Reached skill level 10 in Spellcasting
 36725 | Orc:2    | Entered Level 2 of the Orcish Mines
 36783 | Orc:2    | Found a staircase to the Elven Halls.
 37013 | Orc:2    | Found Xubli's Self-Improvement Boutique.
 37464 | Orc:2    | Identified a +2 robe of resistance
 37468 | Orc:2    | Paralysed by an orc sorcerer for 4 turns
 38068 | Orc:2    | Reached skill level 9 in Fighting
 38162 | Orc:2    | Found Ubbaor's Book Shoppe.
 38168 | Orc:2    | Found Taiqikha's Antique Weapon Boutique.
 38178 | Orc:2    | Found Fatwuadi's Jewellery Boutique.
 38180 | Orc:2    | Found Vaus's Magic Scroll Shoppe.
 38272 | Orc:2    | Bought a manual of Spellcasting for 1120 gold pieces
 38298 | Orc:2    | Bought the ring "Ytiung" {rElec Int+6} for 725 gold pieces
 38300 | Orc:2    | Bought a scroll of enchant armour for 97 gold pieces
 38300 | Orc:2    | Bought a scroll of blinking for 97 gold pieces
 38300 | Orc:2    | Bought a scroll of enchant weapon for 97 gold pieces
 38300 | Orc:2    | Bought a scroll of teleportation for 39 gold pieces
 38300 | Orc:2    | Bought a scroll of summoning for 123 gold pieces
 38312 | Orc:2    | Bought a book of Unlife for 504 gold pieces
 38318 | Orc:2    | Learned a level 5 spell: Borgnjor's Vile Clutch
 38424 | D:13     | Noticed Frances
 38429 | D:13     | Killed Frances
 38430 | D:13     | Reached skill level 11 in Spellcasting
 38430 | D:13     | Reached skill level 1 in Necromancy
 38560 | D:13     | Found the +7 pair of quick blades "Gyre" and "Gimble"
                  | {protect}
 38592 | D:13     | Reached skill level 2 in Necromancy
 38798 | D:13     | Noticed Rupert
 38821 | D:13     | Reached skill level 3 in Necromancy
 38840 | D:13     | Killed Rupert
 38841 | D:13     | Reached skill level 12 in Spellcasting
 38849 | D:13     | Reached skill level 4 in Necromancy
 39019 | D:13     | Noticed Snorg
 39034 | D:13     | Reached XP level 16. HP: 66/96 MP: 13/34
 39034 | D:13     | Killed Snorg
 39485 | D:14     | Reached skill level 13 in Spellcasting
 39485 | D:14     | Reached skill level 5 in Necromancy
 39620 | D:14     | Noticed Agnes
 39627 | D:14     | Killed Agnes
 40077 | D:14     | Reached skill level 6 in Necromancy
 40145 | D:14     | Found a gate to the Vaults.
 40521 | D:14     | Reached skill level 14 in Spellcasting
 40795 | D:15     | Entered Level 15 of the Dungeon
 40808 | D:15     | Noticed Louise
 40819 | D:15     | Reached skill level 7 in Necromancy
 40820 | D:15     | Killed Louise
 40978 | D:15     | Reached skill level 8 in Necromancy
 41311 | D:15     | Reached skill level 1 in Shields
 42046 | D:15     | Reached skill level 2 in Shields
 42418 | D:15     | Found a staircase to the Depths.
 42581 | D:15     | Found Vaogue's General Store.
 42723 | D:15     | Bought a bloodstained leather armour for 182 gold pieces
 42723 | D:15     | Identified the +3 leather armour of Hopscotch {Drain rElec
                  | rPois Dex+4} (You bought it in a shop on level 15 of the
                  | Dungeon)
 42919 | Snake:1  | Entered Level 1 of the Snake Pit
 43257 | Snake:1  | Reached skill level 3 in Shields
 43626 | Snake:1  | Reached skill level 4 in Shields
 44300 | Snake:2  | Reached skill level 5 in Shields
 44880 | Snake:2  | Identified a +2 robe of resistance (You took it off a naga
                  | on level 2 of the Snake Pit)
 45107 | Snake:2  | Reached skill level 6 in Shields
 45396 | Snake:2  | Noticed Aizul
 45407 | Snake:2  | Killed Aizul
 45729 | Snake:2  | Reached XP level 17. HP: 100/100 MP: 21/37
 45907 | Snake:2  | Reached skill level 7 in Shields
 47272 | Snake:3  | Reached skill level 8 in Shields
 47573 | Snake:3  | HP: 9/100 [anaconda simulacrum (12)]
 47819 | Snake:3  | Reached skill level 9 in Shields
 48058 | Snake:3  | Found Cytzune's Jewellery Emporium.
 48058 | Snake:3  | Found Vauthaapt's Book Shop.
 48059 | Snake:3  | Found Uzemn's Book Shop.
 48065 | Snake:3  | Bought a manual of Shields for 1680 gold pieces
 48071 | Snake:3  | Bought a book of Armaments for 684 gold pieces
 48080 | Snake:3  | Learned a level 8 spell: Lehudib's Crystal Spear
 48511 | Snake:4  | Entered Level 4 of the Snake Pit
 48526 | Snake:4  | Reached skill level 15 in Spellcasting
 48655 | Snake:4  | Reached skill level 1 in Conjurations
 49312 | Snake:4  | Reached skill level 2 in Conjurations
 49672 | Snake:4  | Found Baedax's Antique Armour Emporium.
 49690 | Snake:4  | Bought a pair of glowing gloves for 292 gold pieces
 49691 | Snake:4  | Bought a slimy robe for 222 gold pieces
 49691 | Snake:4  | Identified the +0 robe "Mucac" {rElec rF+ rC+++ Str-4} (You
                  | bought it in a shop on level 4 of the Snake Pit)
 50126 | Snake:4  | Reached skill level 3 in Conjurations
 50137 | Snake:4  | Reached skill level 10 in Shields
 50507 | Snake:4  | Reached skill level 16 in Spellcasting
 50527 | Snake:4  | Reached skill level 4 in Conjurations
 51255 | Snake:4  | Identified a +0 robe of the Archmagi
 51282 | Snake:4  | Killed from afar by a salamander tyrant

Vanquished Creatures
  Rupert (D:13)
  Kirke (D:12)
  Frances (D:13)
  Agnes (D:14)
  2 nagarajas (Snake:4)
  A frost giant (IceCv)
  Aizul (Snake:2)
  Louise (D:15)
  A minotaur (Gauntlet)
  Snorg (D:13)
  Josephine (D:11)
  Harold (D:7)
  8 hydras
  5 salamander tyrants (Snake:4)
  3 boulder beetles (D:15)
  3 naga warriors
  Erica (Lair:2)
  An ogre mage (D:15)
  3 catoblepae (Lair:6)
  5 centaur warriors
  A death knight (D:13)
  9 anacondas
  3 tengu warriors
  9 two-headed ogres
  7 shock serpents
  17 death yaks
  3 orc high priests (Orc:2)
  The ghost of Hyawatha the Cleaver, a novice MiMo of Xom (D:11)
  Sonja (D:12)
  Nergalle (Lair:1)
  18 naga sharpshooters
  The ghost of T2blue the Chopper, a novice MiBe of Trog (D:7)
  3 salamander mystics
  A death drake (shapeshifter) (D:14)
  4 spectral anacondas (Snake:3)
  A skeletal warrior (D:13)
  3 anaconda zombies (Snake:3)
  2 wizards
  A naga ritualist (Snake:2)
  5 anaconda skeletons (Snake:3)
  A necromancer (D:15)
  3 deep elf pyromancers
  A deep elf zephyrmancer (D:15)
  6 cyclopes
  6 mana vipers
  10 salamanders
  7 orc knights
  5 ugly things (D:15)
  11 orc sorcerers
  4 manticores
  27 elephants
  3 guardian serpents
  27 black mambas
  An ice statue (IceCv)
  14 naga magi
  12 cane toads
  A cane toad (shapeshifter) (D:15)
  7 rime drakes
  2 unseen horrors
  3 freezing wraiths
  15 komodo dragons
  A torpor snail (Gauntlet)
  A centaur skeleton (D:15)
  3 tengu conjurers
  4 yaktaurs (D:15)
  An efreet (D:14)
  9 anaconda simulacra (Snake:3)
  7 trolls
  Prince Ribbit (D:5)
  Grinder (D:6)
  12 polar bears
  11 dream sheep
  7 blink frogs (Lair:6)
  A meliai zombie (D:10)
  A yak (shapeshifter) (D:15)
  14 wraiths
  4 shadows
  75 yaks
  9 basilisks
  16 wyverns
  4 small abominations (Gauntlet)
  4 hogs (D:12)
  5 vampire mosquitoes
  A redback simulacrum (D:15)
  2 acid dragons (D:11)
  40 nagas
  21 water moccasins
  4 wargs
  2 hell hounds (Lair:6)
  5 black bears
  24 orc warriors
  4 ice beasts
  19 centaurs
  9 ogres
  34 wolves
  The ghost of FortyThree the Slasher, an amateur DjGl of Uskayaw (D:3)
  A necrophage (D:6)
  4 kobold brigands
  15 bullfrogs
  3 scorpions (D:6)
  3 water moccasin skeletons
  5 wights (D:8)
  6 electric eels
  4 howler monkeys
  2 bullfrog zombies
  8 centaur zombies
  A bullfrog skeleton (D:5)
  2 hounds
  2 jellies
  8 orc priests
  7 iguanas
  12 orc wizards
  11 hell rats
  A wolf simulacrum (Lair:3)
  A centaur simulacrum (D:7)
  A bullfrog simulacrum (D:7)
  A hound zombie (D:3)
  A howler monkey zombie (D:8)
  11 gnolls
  A howler monkey skeleton (D:5)
  6 adders
  2 shadow imps
  3 white imps
  A howler monkey simulacrum (D:7)
  3 ufetubi
  5 worms
  A dart slug (D:5)
  41 orcs
  10 bats
  9 endoplasms
  2 giant cockroaches
  5 hobgoblins
  11 jackals
  2 quokkas
  5 ball pythons
  5 frilled lizards
  14 goblins
  42 kobolds
  9 rats
943 creatures vanquished.

Vanquished Creatures (others)
  A salamander (Snake:4)
  An orc wizard (D:2)
  5 bushes (Lair:2)
  55 fungi
  180 plants
242 creatures vanquished.

Grand Total: 1185 creatures vanquished
